 Dungeon Crawl Stone Soup version 0.30.0-29-ga12c61a403 (webtiles) character file.

Game seed: 15898717559141756886

188 KamiKatze the Shield-Bearer (level 5, -3/28 HPs)
             Began as a Vine Stalker Fighter on June 17, 2023.
             Slain by a gnoll
             ... wielding a +0 halberd
              (11 damage)
             ... on level 4 of the Dungeon.
             The game lasted 00:06:05 (2074 turns).

KamiKatze the Shield-Bearer (Vine Stalker Fighter)  Turns: 2074, Time: 00:06:08

Health: -3/28      AC:  6    Str: 21    XL:     5   Next: 67%
Magic:  0/6        EV:  9    Int:  8    God:
Gold:   136        SH:  5    Dex: 13    Spells: 4/4 levels left

rFire   . . .        a - +0 hand axe
rCold   . . .        c - +0 buckler
rNeg    . . .        r - +0 scale mail
rPois   .            (no helmet)
rElec   .            (no cloak)
rCorr   .            (no gloves)
SInv    .            (no boots)
Will    .....        (no amulet) Stlth
                     (no ring)
HPRegen 1.04/turn    (no ring)
MPRegen 0.10/turn

%: guardian spirit
@: no status effects
A: fangs 2, regeneration 1, magic shield, antimagic bite, no potion heal 2
a: no special abilities


You were on level 4 of the Dungeon.
You visited 1 branch of the dungeon, and saw 4 of its levels.

You collected 136 gold pieces.

Inventory:

Hand Weapons
 a - a +0 hand axe (weapon)
 b - a +0 war axe
 p - a +0 executioner's axe
 t - a +0 heavy trident
Missiles
 h - 4 atropa-tipped darts (quivered)
Armour
 c - a +0 buckler (worn)
 r - a +0 scale mail (worn)
Scrolls
 g - 2 scrolls of fear {unknown}
 i - 4 scrolls of identify {unknown}
 l - a scroll of poison {unknown}
 m - 2 scrolls of amnesia {unknown}
 o - a scroll of blinking {unknown}
 s - a scroll of noise {unknown}
Potions
 d - a potion of might
 e - 2 potions of mutation {unknown}
 f - 2 potions of heal wounds {unknown}
 j - 2 potions of haste {unknown}
 k - a potion of invisibility {unknown}
 n - a potion of attraction {unknown}
 q - 2 potions of brilliance {unknown}


   Skills:
 + Level 3.2 Fighting
 * Level 3.1 Axes
 + Level 2.8 Armour
 + Level 1.2 Dodging
 * Level 3.5 Shields
 + Level 1.2 Evocations


You had 4 spell levels left.
You didn't know any spells.
Your spell library contained the following spells:

 Spells                   Type           Power      Damage    Failure   Level
 Magic Dart               Conj           0%         1d3       82%         1
 Call Imp                 Summ           0%         N/A       91%         2
 Sublimation of Blood     Necr           0%         N/A       91%         2
 Dazzling Flash           Conj/Hex       0%         N/A       99%         3
 Mephitic Cloud           Conj/Pois/Air  0%         N/A       99%         3
 Petrify                  Tmut/Erth      0%         N/A       100%        4
 Agony                    Necr           0%         N/A       100%        5
 Irradiate                Conj/Tmut      0%         3d11      100%        5
 Silence                  Hex/Air        0%         N/A       100%        5


Dungeon Overview and Level Annotations

Branches:
Dungeon (4/15)
 Temple: D:4-7

Altars:
Elyvilon

Shops:
D:3 :

Annotations:
D:3 3 runed translucent doors, exclusion: 3 doors, grothendieck's ghost, novice GrEE


Innate Abilities, Weirdness & Mutations

You have extremely sharp teeth.
Your natural rate of healing is unusually fast.
When hurt, damage is shared between your health and your magic reserves.
Your bite disrupts and absorbs the magic of your enemies.
Potions cannot restore your health.


Message History

You kill the endoplasm!
You barely miss the gnoll.
A gnoll comes into view. It is wielding a +0 spear.
The gnoll hits you with a +0 halberd.
You are too injured to fight recklessly!
You are too injured to fight recklessly!
You barely miss the gnoll.
The gnoll shouts!
Your bite misses the gnoll.
The gnoll is heavily wounded.
You hear a shout! x3
The gnoll hits you with a +0 halberd.
You barely miss the gnoll. Your bite misses the gnoll.
The gnoll is heavily wounded.
The gnoll hits you from afar with a +0 spear.
You block the gnoll's attack.
You closely miss the gnoll.
The gnoll is heavily wounded.
The gnoll hits you from afar with a +0 spear.
The gnoll hits you with a +0 halberd.
* * * LOW HITPOINT WARNING * * *
You hit the gnoll. You bite the gnoll. You drain its power.
You feel invigorated.
The gnoll is severely wounded.
The gnoll barely misses you. The gnoll closely misses you.
You hit the gnoll but do no damage. You bite the gnoll, but do no damage.
The gnoll is severely wounded.
The gnoll hits you from afar with a +0 spear.
* * * LOW HITPOINT WARNING * * *
A kobold comes into view.
It is wielding a +0 club and quivering poisoned darts.
The gnoll closely misses you.
An adder comes into view.
The gnoll hits you but does no damage. The gnoll barely misses you.
The adder hisses angrily.
You hit the gnoll but do no damage. Your bite misses the gnoll.
The gnoll is severely wounded.
The gnoll hits you from afar with a +0 spear.
* * * LOW HITPOINT WARNING * * *
The gnoll hits you with a +0 halberd!
You die...

# ### .. ...
..##### #.. .......
#.# ###§§§≈≈≈
##.###..§§#
#....'..§#
#..###...# #.@#
#...# #.g# #...#
#gK####..#
.........#
##S.####..#########
.................#.
#........#..####...
#........#..####.#.
..................


You could see 2 gnolls, an adder and a kobold.

Vanquished Creatures
  A black bear (D:2)
  3 adders
  A worm (D:3)
  2 dart slugs
  5 orcs (D:3)
  6 bats
  9 endoplasms
  4 giant cockroaches
  2 goblins
  4 hobgoblins
  3 kobolds
  A quokka (D:3)
  6 ball pythons
  2 frilled lizards (D:1)
  6 rats
55 creatures vanquished.

Notes
Turn   | Place    | Note
-------+----------+-------------------------------------------
     0 | D:1      | KamiKatze the Vine Stalker Fighter began the quest for the
                  | Orb.
     0 | D:1      | Reached XP level 1. HP: 11/11 MP: 2/2
   175 | D:1      | Reached XP level 2. HP: 16/16 MP: 3/3
   740 | D:2      | Noticed a black bear
   844 | D:2      | Killed a black bear
   845 | D:2      | Reached skill level 1 in Dodging
   845 | D:2      | Reached skill level 1 in Evocations
   845 | D:2      | Reached XP level 3. HP: 7/20 MP: 1/4
   845 | D:2      | Gained mutation: Your natural rate of healing is unusually
                  | fast. [Vine Stalker growth]
   845 | D:2      | Reached XP level 4. HP: 9/24 MP: 1/5
   846 | D:2      | Reached XP level 5. HP: 12/28 MP: 1/6
  1673 | D:3      | Found a runed translucent gate.
  1673 | D:3      | Found a runed translucent gate.
  1673 | D:3      | Found a runed translucent gate.
  1699 | D:3      | Noticed grothendieck's ghost (novice GrEE)
  1789 | D:3      | Found Huog's Book Boutique.
  1822 | D:3      | Found a white marble altar of Elyvilon.
  2074 | D:4      | Slain by a gnoll

Illustrated notes

Levels and vault maps discovered:
D:1:      onia_arrival_mini_maze_b, layout_rooms, chequers_avenue
D:2:      layout_basic
D:3:      layout_basic, lemuel_tele_altar, serial_shops, shop,
          gammafunk_ghost_icy, kennysheep_generic_room_15
D:4:      layout_basic, lightli_temple_of_fire, nemelex_spade_bored_becter

Skill      XL: |  1  2  3  4  5 |
---------------+----------------+-----
Axes           | 2 3 |  3.1
Shields        | 3 |  3.5
Fighting       | 3 |  3.2
Dodging        | 1 |  1.2
Evocations     | 1 |  1.2
Armour         | |  2.8

Action                     |  1- 3 |  4- 6 || total
---------------------------+-------+-------++-------
  Melee: War axe           |    41 |    29 ||    70
         Bite              |     6 |    26 ||    32
         Hand axe          |       |    69 ||    69
 Armour: Scale mail        |    16 |    43 ||    59
  Dodge: Dodged            |    22 |    39 ||    61
  Block: Buckler           |    10 |    24 ||    34
